 Dungeon Crawl Stone Soup version 0.30-a0-779-g7971cf19c3 (webtiles) character file.

Game seed: 9129568078937091787

34 Wobber the Insei (level 3, -1/23 HPs)
             Began as an Octopode Transmuter on Feb 17, 2023.
             Slain by a kobold
             ... wielding a +0 whip of electrocution
              (4 damage)
             ... on level 1 of the Dungeon.
             The game lasted 00:01:52 (718 turns).

Wobber the Insei (Octopode Transmuter)               Turns: 718, Time: 00:01:53

Health: -1/23      AC:  1    Str:  9    XL:     3   Next: 31%
Magic:  3/6        EV: 13    Int: 17    God:
Gold:   52         SH:  0    Dex: 12    Spells: 3/6 levels left

rFire   . . .      SeeInvis .      - Unarmed
rCold   . . .      Faith    .    (no shield)
rNeg    . . .      Spirit   .    (helmet currently unavailable)
rPois   .          Reflect  .    (no amulet)
rElec   .          Harm     .    (no ring)
rCorr   .          Rampage  .    (no ring)
Will    .....                    (no ring)
Stlth   ++                       (no ring)
HPRegen 0.23/turn                (no ring)
MPRegen 0.10/turn                (no ring)
                                 (no ring)
                                 (no ring)

@: appendages
A: tentacle spike 3, almost no armour, amphibious, 8 rings, camouflage 1,
gelatinous body 1, (nimble swimmer 1), tentacles
a: End Transformation


You were on level 1 of the Dungeon.
One of your tentacles had grown a beastly spike.
You visited 1 branch of the dungeon, and saw 1 of its levels.

You collected 52 gold pieces.

Inventory:

Hand Weapons
 a - a +0 sling
Missiles
 g - 3 curare-tipped darts
Scrolls
 c - 2 scrolls of teleportation {unknown}
 d - a scroll of silence {unknown}
 f - a scroll of identify {unknown}
 h - 3 scrolls of butterflies {unknown}
Potions
 b - 2 potions of curing {unknown}
 e - a potion of lignification


   Skills:
 - Level 1.0 Fighting
 + Level 2.4 Dodging
 - Level 3.0 Unarmed Combat
 + Level 2.3 Spellcasting
 + Level 2.5 Transmutations
 + Level 1.2 Ice Magic


You had 3 spell levels left.
You knew the following spells:

 Your Spells              Type           Power      Damage    Failure   Level
a - Beastly Appendage     Tmut           20%        N/A       7%          1
b - Wereblood             Tmut           10%        N/A       10%         2

Your spell library contained the following spells:

 Spells                   Type           Power      Damage    Failure   Level
 Spider Form              Tmut/Pois      6%         N/A       32%         3
 Ice Form                 Ice/Tmut       8%         N/A       65%         4


Dungeon Overview and Level Annotations

Branches:
Dungeon (1/15)

Altars:


Innate Abilities, Weirdness & Mutations

One of your tentacles has grown a beastly spike.
You cannot wear most types of armour.
You are amphibious.
You can wear up to eight rings at the same time.
Your skin changes colour to match your surroundings (Stealth+).
Your rubbery body absorbs attacks. (AC +1, EV +1)
((You are camouflaged when in or above water. (Stealth+)))
You have tentacles for arms and can constrict up to eight enemies at once.


Message History

One of your tentacles grows a vicious spike.
You tentacle-slap the giant cockroach but do no damage.
Your grab misses the giant cockroach. The giant cockroach barely misses you.
You tentacle-slap the giant cockroach.
You kill the giant cockroach!
You now have 35 gold pieces (gained 10).
Found 5 stones.
Your transformation is almost over.
You now have 43 gold pieces (gained 8).
Your tentacle spike disappears.
Found a stone staircase leading down.
Found an escape hatch in the floor.
You now have 44 gold pieces (gained 1).
You now have 52 gold pieces (gained 8).
c - 2 scrolls labelled IRAIFI TUMISS (gained 1)
A kobold comes into view.
It is wielding a +0 whip of electrocution.
One of your tentacles grows a vicious spike.
The kobold shouts!
The kobold throws a stone.
The stone barely misses you.
A frilled lizard and a goblin come into view.
The goblin is wielding a +1 dagger of venom.
The goblin moves out of view.
You extend your transformation's duration.
The frilled lizard hisses angrily.
You fail to extend your transformation any further.
You miss the kobold. Your grab misses the kobold.
Your tentacle spike misses the kobold.
The kobold misses you.
You closely miss the kobold. Your grab misses the kobold.
Your tentacle spike misses the kobold.
The kobold hits you with a +0 whip of electrocution.
You are electrocuted!
Ouch! That really hurt!
* * * LOW HITPOINT WARNING * * *
You tentacle-slap the kobold. You grab the kobold.
The kobold is moderately wounded.
You constrict the kobold, but do no damage.
The frilled lizard bites you.
* * * LOW HITPOINT WARNING * * *
The kobold hits you with a +0 whip of electrocution.
You die...

.# .# .# .# .# .#
.# .# .# .# .# .#
.# ### ..#
###.#..... #..#
##.@K..# #..###
##..#l#..... #...#
#..##.# ### #.##
###.## ..
####..####...######
#..............#
#.####.###.###.#
#.####....>###.#
#.......>..... .


You could see a kobold and a frilled lizard.

Vanquished Creatures
  A gnoll (D:1)
  A dart slug (D:1)
  A ball python (D:1)
  4 endoplasms (D:1)
  2 giant cockroaches (D:1)
  3 goblins (D:1)
  4 hobgoblins (D:1)
  A quokka (D:1)
  A rat (D:1)
18 creatures vanquished.

Notes
Turn   | Place    | Note
-------+----------+-------------------------------------------
     0 | D:1      | Wobber the Octopode Transmuter began the quest for the Orb.
     0 | D:1      | Reached XP level 1. HP: 13/13 MP: 3/3
    91 | D:1      | Reached XP level 2. HP: 15/18 MP: 3/5
   239 | D:1      | Reached skill level 1 in Ice Magic
   239 | D:1      | Reached XP level 3. HP: 12/23 MP: 6/6
   314 | D:1      | Learned a level 2 spell: Wereblood
   718 | D:1      | Slain by a kobold

Illustrated notes

Levels and vault maps discovered:
D:1:      scummos_arrival_gate, layout_basic, dk_noncrumbling_3,
          hangedman_decor_peaks_small, minivault_5, minmay_misc_feat_columns

Skill      XL: |  1  2 |
---------------+-------+-----
Ice Magic      | 1 |  1.2
Fighting       | |  1.0
Dodging        | |  2.4
Unarmed Combat | |  3.0
Spellcasting   | |  2.3
Transmutations | |  2.5

Action                     || total
---------------------------++-------
  Melee: Unarmed           ||    42
         Constrict         ||    10
         Tentacles         ||     9
         Kick              ||    12
         Punch             ||     3
   Fire: Sling             ||     2
   Cast: Beastly Appendage ||    14
   Stab: Sleeping          ||     1
 Armour: Skin              ||     1
  Dodge: Dodged            ||    18

Table legend: (Time is in decaauts)
 A = Elapsed time spent in this place.
 B = Non-inter-level travel time spent in this place.
 C = Inter-level travel time spent in this place.
 D = Time resting spent in this place.
 E = Time spent auto-exploring this place.
 F = Levels seen in this place.
 G = Mean time per level.
                   A        B        C        D        E       F      G
               +--------+--------+--------+--------+--------+-----+--------+
         Total |    713 |    713 |      0 |     49 |    508 |   1 |  713.0 |
       Dungeon |    713 |    713 |      0 |     49 |    508 |   1 |  713.0 |
               +--------+--------+--------+--------+--------+-----+--------+

Top non-repeatable levels by time:
     D:1: 713 daAuts
